 Dungeon Crawl Stone Soup version 0.31-a0-833-gc15d34cb79 (webtiles) character file.

Game seed: 9840014625396987865

1616651 MackTheKnife the Slayer (level 26, 339/339 HPs)
             Began as an Ogre Warper on Sept 25, 2023.
             Was an Elder of Okawaru.
             Escaped with the Orb
             ... and 3 runes!
             The game lasted 02:05:58 (70301 turns).

MackTheKnife the Slayer (Ogre Warper)              Turns: 70301, Time: 02:05:59

Health: 339/339    AC: 36    Str: 23    XL:     26   Next: 49%
Magic:  57/57      EV: 20    Int: 19    God:    Okawaru [****..]
Gold:   2865       SH: 34    Dex: 24    Spells: 29/49 levels left

rFire   + + .        l - +7 morningstar of Fodikedymu {heavy, MP+9 Int+3, mace}
rCold   + . .        m - +5 tower shield
rNeg    + + +        y - melded +2 troll leather armour of the Soft God {Rampage rElec rN+ Regen+} rPois โˆž
                     V - +2 hat {Int+3}
rElec   +            O - +1 cloak of Goeps {Drain rN+ Str+4}
rCorr   .            (gloves unavailable)
SInv    +            (boots unavailable)
Will    ++...        M - amulet of reflection
Stlth   +            b - ring "Niuwoz" {rF+ MP+9 Dex+6}
HPRegen 0.76/turn    P - ring of the Gastropod {rF+ rN+ Str-2 SInv}
MPRegen 0.35/turn

%: reflection, clarity
@: statue-form, studying Evocations, very slow
A: slow and powerful, torment resistance 1, boosted hp, large, unfitting armour,
(tough skin 1), horns 1, agile 1, clarity, cold resistance 1, deformed body,
frail 1, weak 1
0: Orb of Zot
}: 3/15 runes: decaying, slimy, gossamer
a: Begin Untransformation, Renounce Religion, Heroism, Finesse


You escaped.
You worshipped Okawaru.
Okawaru was greatly pleased with you.
You were a living statue of rough stone.
You visited 10 branches of the dungeon, and saw 51 of its levels.

You collected 6360 gold pieces.
You spent 3495 gold pieces at shops.


Innate Abilities, Weirdness & Mutations

You are a living statue of rough stone.
Your actions are slow, but your melee attacks are powerful.
You are resistant to unholy torment.
Your maximum health is greatly increased.
Your equipment is partially melded.
You are too large for most types of armour.
You are immune to poison.
((You have tough skin. (AC +1)))
You have a pair of small horns on your head.
You are agile. (Dex +4, Str/Int -1)
You possess an exceptional clarity of mind.
Your flesh is cold resistant. (rC+)
Armour fits poorly on your strangely shaped body.
You are frail. (-10% HP)
You are weak. (Str -2)


   Skills:
 - Level 22.0 Fighting
 - Level 17.2 Maces & Flails
 - Level 1.0 Throwing
 - Level 7.2 Armour
 - Level 14.0 Dodging
 - Level 21.0 Shields
 - Level 12.0 Spellcasting
 - Level 12.0 Translocations
 - Level 5.0 Transmutations
 - Level 10.0 Invocations
 - Level 10.0 Evocations
 + Level 20.5 Shapeshifting


You had 29 spell levels left.
You knew the following spells:

 Your Spells              Type           Power      Damage    Failure   Level
a - Blink                 Tloc           100%       N/A       1%          2
b - Manifold Assault      Tloc           54%        N/A       1%          4
c - Teleport Other        Tloc           54%        N/A       1%          3
d - Passage of Golubria   Tloc           54%        N/A       1%          4
e - Apportation           Tloc           100%       N/A       1%          1
f - Wereblood             Tmut           30%        N/A       1%          2
g - Vhi's Electric Charg  Tloc/Air       68%        N/A       8%          4

Your spell library contained the following spells:

 Spells                   Type           Power      Damage    Failure   Level
 Lesser Beckoning         Tloc           100%       N/A       1%          2
 Momentum Strike          Conj/Tloc      68%        3d9       1%          2
 Gell's Gravitas          Tloc           54%        N/A       1%          3
 Sting                    Tmut/Pois      80%        1d7       3%          1
 Passwall                 Tmut/Erth      16%        N/A       4%          2
 Dimensional Bullseye     Hex/Tloc       17%        N/A       8%          4
 Iskenderun's Mystic Bla  Conj/Tloc      34%        2d8       8%          4
 Freeze                   Ice            44%        1d6       10%         1
 Necrotise                Necr           44%        1d6       10%         1
 Shock                    Conj/Air       44%        1d5       10%         1
 Dispersal                Tloc           27%        N/A       11%         6
 Ensorcelled Hibernation  Hex/Ice        22%        N/A       14%         2
 Jinxbite                 Hex            22%        N/A       14%         2
 Poisonous Vapours        Pois/Air       22%        N/A       14%         2
 Scorch                   Fire           22%        2d5       14%         2
 Static Discharge         Conj/Air       22%        2-3/arc   14%         2
 Ignite Poison            Fire/Tmut/Pois 17%        N/A       14%         3
 Dazzling Flash           Conj/Hex       22%        N/A       28%         3
 Frozen Ramparts          Ice            22%        1d4       28%         3
 Hailstorm                Conj/Ice       11%        3d5       28%         3
 Inner Flame              Hex/Fire       11%        N/A       28%         3
 Ozocubu's Armour         Ice            11%        N/A       28%         3
 Swiftness                Air            11%        N/A       28%         3
 Vampiric Draining        Necr           11%        2d6       28%         3
 Petrify                  Tmut/Erth      20%        N/A       32%         4
 Airstrike                Air            5%         2d(1-17)  67%         4
 Anguish                  Hex/Necr       5%         N/A       67%         4
 Brom's Barrelling Bould  Conj/Erth      11%        2d3       67%         4
 Cause Fear               Hex            5%         N/A       67%         4
 Flame Wave               Conj/Fire      11%        2d6       67%         4
 Fulminant Prism          Conj/Hex       5%         3d7       67%         4
 Leda's Liquefaction      Hex/Erth       5%         N/A       67%         4
 Olgreb's Toxic Radiance  Pois           11%        N/A       67%         4
 Sticky Flame             Conj/Fire      11%        2d3       67%         4
 Alistair's Intoxication  Tmut/Pois      13%        N/A       67%         5
 Irradiate                Conj/Tmut      10%        3d15      67%         5
 Yara's Violent Unravell  Hex/Tmut       10%        3d6       67%         5
 Agony                    Necr           11%        N/A       95%         5
 Fireball                 Conj/Fire      5%         3d5       95%         5
 Freezing Cloud           Conj/Ice/Air   5%         6-21      95%         5
 Iskenderun's Battlesphe  Conj           11%        2d7       95%         5
 Lee's Rapid Deconstruct  Erth           5%         3d6*      95%         5
 Metabolic Englaciation   Hex/Ice        5%         N/A       95%         5
 Silence                  Hex/Air        5%         N/A       95%         5
 Eringya's Noxious Bog    Tmut/Pois      10%        4d6       99%         6
 Disjunction              Tloc           27%        N/A       99%         8
 Conjure Ball Lightning   Conj/Air       5%         3x3d6     100%        6
 Enfeeble                 Hex            5%         N/A       100%        7
 Orb of Destruction       Conj           5%         9d5       100%        7
 Ozocubu's Refrigeration  Ice            5%         4d8       100%        7
 Discord                  Hex            5%         N/A       100%        8
 Ignition                 Fire           5%         3d4       100%        8
 Sublimation of Blood     Necr           Unusable   N/A       N/A         2
 Summon Forest            Summ/Tloc      Unusable   N/A       N/A         5
 Tukima's Dance           Hex            Unusable   N/A       N/A         3
 Animate Armour           Summ/Erth      Unusable   N/A       N/A         4
 Animate Dead             Necr           Unusable   N/A       N/A         4
 Summon Ice Beast         Ice/Summ       Unusable   N/A       N/A         4
 Summon Lightning Spire   Summ/Air       Unusable   N/A       N/A         4
 Summon Mana Viper        Hex/Summ       Unusable   N/A       N/A         5
 Simulacrum               Ice/Necr       Unusable   N/A       N/A         6
 Summon Cactus Giant      Summ           Unusable   N/A       N/A         6
 Haunt                    Necr/Summ      Unusable   N/A       N/A         7
 Malign Gateway           Summ/Tloc      Unusable   N/A       N/A         7
 Infestation              Necr           Unusable   N/A       N/A         8

Inventory:

Hand Weapons
 l - the +7 morningstar of Fodikedymu (weapon) {heavy, MP+9 Int+3, mace}
   (You bought it in a shop on level 2 of the Orcish Mines)

   Int+3:     It affects your intelligence (+3).
   MP+9:      It affects your magic capacity (+9).
 t - a +1 eveningstar of flaming {macerare=g}
   (You found it on level 3 of the Depths)
 F - the +8 pair of quick blades "Gyre" and "Gimble" {protect, shortrare=g}
   (You took it off a deep elf zephyrmancer on level 3 of the Elven Halls)
 S - a +2 broad axe of flaming {axe}
   (You took it off Asterion on level 1 of the Spider Nest)
Armour
 m - a +5 tower shield (worn)
   (You bought it in a shop on level 2 of the Orcish Mines)
 v - the +4 dragonskin cloak
   (You took it off Tiamat on level 3 of the Realm of Zot)

   Avatar's Aegis: It grants the wearer a chance to resist fire, cold, poison,
   electricity, acid, and negative energy.
 y - the +2 troll leather armour of the Soft God (melded) {Rampage rElec rN+ Regen+}
   (Okawaru gifted it to you on level 3 of the Lair of Beasts)

   rElec:     It insulates you from electricity.
   rN+:       It protects you from negative energy.
   Regen+:    It increases your rate of health regeneration.
   Rampage:   It bestows one free step when moving towards enemies.
 H - +0 storm dragon scales {rare}
   (You found it on level 4 of the Depths)
 O - the +1 cloak of Goeps (worn) {Drain rN+ Str+4}
   (You found it on level 1 of the Lair of Beasts)

   Str+4:     It affects your strength (+4).
   rN+:       It protects you from negative energy.
   Drain:     It drains your maximum health when unequipped.
 V - a +2 hat of intelligence (worn)
   (You found it on level 4 of the Spider Nest)
Jewellery
 b - the ring "Niuwoz" (left fist) {rF+ MP+9 Dex+6}
   (You found it on level 4 of the Vaults)

   [ring of dexterity]

   Dex+6:     It affects your dexterity (+6).
   rF+:       It protects you from fire.
   MP+9:      It affects your magic capacity (+9).
 c - the ring of Loorchouv {rPois rC+ rCorr Dex+4 Stlth+}
   (You bought it in a shop on level 3 of the Depths)

   [ring of poison resistance]

   Dex+4:     It affects your dexterity (+4).
   rC+:       It protects you from cold.
   rPois:     It protects you from poison rCorr: It protects you from acid and
   corrosion.
   Stlth+:    It makes you more stealthy.
 M - an amulet of reflection (around neck)
   (You found it on level 3 of the Lair of Beasts)
 P - the ring of the Gastropod (right fist) {rF+ rN+ Str-2 SInv}
   (You found it on level 5 of the Pits of Slime)

   [ring of positive energy]

   Str-2:     It affects your strength (-2).
   rF+:       It protects you from fire.
   rN+:       It protects you from negative energy.
   SInv:      It lets you see invisible.
 Y - the ring "Dogomma" {Fly Will+}
   (You acquired it on level 1 of the Lair of Beasts)

   [ring of willpower]

   Will+:     It increases your willpower.
   Fly:       It grants you flight.
 Z - the ring "Uruept" {rElec rPois rF+ Str-3 Dex+6}
   (You bought it in a shop on level 2 of the Orcish Mines)

   [ring of dexterity]

   Str-3:     It affects your strength (-3).
   Dex+6:     It affects your dexterity (+6).
   rF+:       It protects you from fire.
   rElec:     It insulates you from electricity.
   rPois:     It protects you from poison
Talismans
 k - a granite talisman (active)
   (You found it on level 3 of the Elven Halls)
Wands
 o - a wand of polymorph (11)
   (You found it on level 3 of the Dungeon)
 q - a wand of quicksilver (17)
   (You found it on level 2 of the Swamp)
 u - a wand of digging (21)
   (You found it on level 6 of the Dungeon)
 A - a wand of flame (109)
   (You found it on level 4 of the Lair of Beasts)
 G - a wand of paralysis (41)
   (You took it off Maurice on level 13 of the Dungeon)
 I - a wand of mindburst (49)
   (You found it on level 9 of the Dungeon)
 T - a wand of iceblast (45)
   (You found it on level 1 of the Lair of Beasts)
Scrolls
 d - a scroll of enchant armour
 g - 9 scrolls of poison {!r}
 h - 26 scrolls of teleportation {@r4}
 i - 7 scrolls of vulnerability {!r!r}
 j - 23 scrolls of identify {@r1}
 w - 3 scrolls of silence {!r}
 B - 2 scrolls of fear
 Q - 2 scrolls of blinking {!r}
 R - 5 scrolls of fog
 U - 5 scrolls of enchant weapon
Potions
 a - 11 potions of enlightenment
 e - 2 potions of magic
 f - 10 potions of brilliance
 n - 20 potions of curing {@q1}
 p - 6 potions of lignification {!q}
 r - 2 potions of ambrosia
 s - 8 potions of heal wounds {@q2}
 x - 6 potions of cancellation
 z - 9 potions of attraction {!q}
 C - 2 potions of berserk rage {!q}
 D - 4 potions of invisibility
 E - 7 potions of haste {@q3}
 K - 4 potions of mutation {!q}
 L - 9 potions of might
 N - 3 potions of resistance
Miscellaneous
 J - a lightning rod (4/4)
   (You found it on level 14 of the Dungeon)

Dungeon Overview and Level Annotations

Branches:
Dungeon (15/15)            Temple (0/1) D:5            Lair (5/5) D:11
  Swamp (4/4) Lair:3       Spider (4/4) Lair:3        Slime (5/5) Lair:4
    Orc (2/2) D:10            Elf (3/3) Orc:2        Vaults (4/5) D:14
  Crypt (0/3) Vaults:2     Depths (4/4) D:15            Zot (5/5) Depths:4

Altars:
Ashenzari
Cheibriados
Dithmenos
Makhleb
Okawaru
Qazlal
Ru
Trog
Uskayaw
Xom
Yredelemnul
Zin
The Shining One
Jiyva

Shops:
D:8 !   Orc:2 ([*=   Elf:2 :   Vaults:1 =   Vaults:4 !   Depths:3 =:=

Portals:
Hell: Depths:1 Depths:2 Depths:3 Depths:4
Abyss: Depths:1 Depths:3 Depths:4
Pandemonium: Depths:2
Ziggurat: Depths:1
Trove: Depths:1 (give +2 storm dragon scales)

Annotations:
D:4 Duvessa
D:6 3 runed translucent doors, Jaaky's ghost, novice SpBr
D:8 exclusion: 2 doors
D:11 Psyche
D:14 3 runed translucent doors, Ongus's ghost, journeyman OpEE
Lair:2 exclusion: oklob plant
Lair:5 exclusions: obsidian statue and 3 oklob plants
Swamp:3 Roxanne
Elf:2 3 runed translucent doors
Vaults:1 3 runed translucent doors, Tungsten's ghost, adept MiRe
Zot:5 exclusion: 3 upstairs

## ###.### .# #.# .# #.# .#
#.# ######## .# #.# #....#.#
.# #.# #.##.'.# .# #.#
#....#.# .# #.# #....#.### ###
#.# #8...'...# #.## #.#
#....#.#.# ...## #.#
#....#.#.# ....###.#
#.##.+.#.######
.....##.########....#.#......#
..............#########.####.#
.....####.###........##.####.#
...####...###..##..........#.#
.####....##.......##.##.##.#.#


There were no monsters in sight!


Message History

You barely miss the rakshasa.
You block the rakshasa's attack. x2 ๐Ÿ˜Ž MP[-4]
You lost 4 mp, and now have 46/57 mp.
Space momentarily warps into an impossible shape!
You impale the rakshasa!!
You kill the rakshasa!
Okawaru accepts your kill. ๐Ÿ˜Ž MP[-3]
You lost 3 mp, and now have 43/57 mp.
You can't see any susceptible monsters within range! (Use Z to cast anyway.)
What level of the Dungeon? (default 1, ? - help)
There is a stone staircase leading up here.
You climb upwards.
There is a stone staircase leading down here.
There is a stone staircase leading up here.
You climb upwards.
Level annotation: Dowan, Duvessa
There is a stone staircase leading down here.
An Uskim, a hellwing and a large abomination come into view. ๐Ÿ˜Ž MP[+10]
You regained 10 mp, and now have 53/57 mp.
You can now deal lightning-fast blows.
The hellwing gives a chilling moan. ๐Ÿ˜Ž MP[-5]
You lost 5 mp, and now have 48/57 mp.
You gain the combat prowess of a mighty hero. ๐Ÿ˜Ž MP[-1]
You lost 1 mp, and now have 47/57 mp.
Unknown command.
Space momentarily warps into an impossible shape!
You barely miss the large abomination.
You beat Uskim like a drum!!!
You flatten the hellwing like a pancake!!!!
You kill the hellwing!
Okawaru accepts your kill.
You hear a shout! x2 ๐Ÿ˜Ž MP[-4]
You lost 4 mp, and now have 43/57 mp.
Space momentarily warps into an impossible shape!
You hammer Uskim like a gong!!!! You hit the large abomination.
You block Uskim's attack. ๐Ÿ˜Ž MP[-4]
You lost 4 mp, and now have 39/57 mp.
Space momentarily warps into an impossible shape!
You skewer the large abomination like a kebab!!!
You destroy the large abomination!
Okawaru accepts your kill.
You impale Uskim!! You block Uskim's attack. ๐Ÿ˜Ž MP[-3]
You lost 3 mp, and now have 36/57 mp.
Space momentarily warps into an impossible shape!
You skewer Uskim like a kebab!!!!
You kill Uskim!
Okawaru accepts your kill. ๐Ÿ˜Ž MP[-4]
You lost 4 mp, and now have 32/57 mp.
Unknown command.
You can't see any susceptible monsters within range! (Use Z to cast anyway.)
You can't see any susceptible monsters within range! (Use Z to cast anyway.)
What level of the Dungeon? (default 1, ? - help) Dowan is nearby!
Space momentarily warps into an impossible shape!
You barely miss Dowan. ๐Ÿ˜Ž MP[-3]
You lost 3 mp, and now have 29/57 mp.
Space momentarily warps into an impossible shape!
You skewer Dowan like a kebab!!!
You kill Dowan!
Okawaru accepts your kill.
You hear a distant scream of rage. ๐Ÿ˜Ž MP[-4]
You lost 4 mp, and now have 25/57 mp.
You can't see any susceptible monsters within range! (Use Z to cast anyway.)
You can't see any susceptible monsters within range! (Use Z to cast anyway.)
You can't see any susceptible monsters within range! (Use Z to cast anyway.)
What level of the Dungeon? (default 1, ? - help)
You feel like a meek peon again.
Your fists slow down.
There is a stone staircase leading up here.
Things that are here:
a +0 dagger of electrocution {short}; a +0 mace {mace} You climb upwards.
There is a stone staircase leading down here.
There is a stone staircase leading up here.
You climb upwards.
There is a stone staircase leading down, spattered with blood here.
Items here: ) [ รทรท.
There is a stone staircase leading up, spattered with blood here.
You climb upwards.
There is a stone staircase leading down here. ๐Ÿ˜Ž MP[+29]
You regained 29 mp, and now have 54/57 mp.
Okay, then.
Unknown command.
You see here a jackal skeleton.
You open the door.
There is an open door here.
There is a staircase leading out of the dungeon here. ๐Ÿ˜Ž MP[+3]
Your mp is fully restored (57).
You have escaped!

Skill      XL: |  1  2  3  4  5  6  7  8  9 10 11 12 13 14 15 16 17 18 19 20 21 22 23 24 25 26 |
---------------+-------------------------------------------------------------------------------+-----
Fighting       | 3 4 5 6 7 8 10 11 14 17 19 20 22 | 22.0
Maces & Flails | 2 3 4 6 8 11 12 14 15 17 | 17.2
Dodging        | 6 9 10 12 13 14 | 14.0
Invocations    | 3 6 7 10 | 10.0
Evocations     | 4 9 10 | 10.0
Translocations | 7 8 10 12 | 12.0
Spellcasting   | 8 12 | 12.0
Shields        | 2 11 15 16 20 21 | 21.0
Armour         | 4 7 |  7.2
Transmutations | 3 5 |  5.0
Shapeshifting  | 11 15 16 18 20 | 20.5
Throwing       | |  1.0

Action                     |  1- 3 |  4- 6 |  7- 9 | 10-12 | 13-15 | 16-18 | 19-21 | 22-24 | 25-27 || total
---------------------------+-------+-------+-------+-------+-------+-------+-------+-------+-------++-------
  Melee: Mace              |    73 |       |       |       |       |       |       |       |       ||    73
         Dagger            |    50 |   215 |    89 |       |       |       |       |       |       ||   354
         Punch             |       |     3 |     2 |       |       |       |       |       |       ||     5
         Flail             |       |       |   120 |       |       |       |       |       |       ||   120
         Whip              |       |       |    36 |       |       |       |       |       |       ||    36
         Dire flail        |       |       |     9 |       |       |       |       |       |       ||     9
         Giant spiked club |       |       |    38 |   235 |   578 |   586 |       |       |       ||  1437
         Morningstar       |       |       |       |       |       |   406 |  1459 |  1468 |   510 ||  3843
         Headbutt          |       |       |       |       |       |       |       |       |    21 ||    21
  Throw: Dart              |     3 |       |       |       |       |       |       |       |       ||     3
   Cast: Manifold Assault  |       |       |       |       |    38 |   271 |   427 |   595 |   182 ||  1513
         Passage of Golubr |       |       |       |       |       |     1 |       |     2 |       ||     3
         Blink             |       |       |       |       |       |     1 |     1 |       |       ||     2
         Wereblood         |       |       |       |       |       |       |     4 |     9 |     2 ||    15
 Invoke: Heroism           |       |       |     2 |     1 |    18 |    23 |    19 |    17 |     9 ||    89
         Receive Weapon    |       |       |       |       |     1 |       |       |       |       ||     1
         Receive Armour    |       |       |       |       |     1 |       |       |       |       ||     1
         Finesse           |       |       |       |       |     4 |     7 |    11 |     9 |     9 ||    40
  Evoke: Wand              |       |     2 |     5 |     2 |     1 |     3 |     6 |     1 |     2 ||    22
         Lightning rod     |       |       |       |       |       |     5 |     4 |     3 |       ||    12
    Use: Scroll            |       |     2 |     8 |     7 |     6 |    15 |     8 |    10 |     5 ||    61
         Potion            |       |       |     4 |       |       |     6 |     4 |     5 |    15 ||    34
   Stab: Sleeping          |       |     1 |       |       |     1 |     2 |     1 |       |       ||     5
         Distracted        |       |       |       |     2 |     8 |     7 |     1 |       |       ||    18
         Held in net/web   |       |       |       |       |       |       |     1 |       |       ||     1
 Armour: Robe              |    92 |   173 |   230 |    39 |       |       |       |       |       ||   534
         Acid dragon scale |       |       |       |   116 |    88 |   153 |   172 |       |       ||   529
         Troll leather arm |       |       |       |       |   214 |   317 |   282 |    94 |       ||   907
         Skin              |       |       |       |       |       |       |       |   343 |   136 ||   479
  Dodge: Dodged            |    67 |   124 |   129 |   123 |   207 |   341 |   287 |   272 |    96 ||  1646
  Block: Other             |       |       |       |       |    19 |    34 |       |       |       ||    53
         Reflection        |       |       |       |       |     6 |    11 |    58 |    27 |     9 ||   111
         Kite shield       |       |       |       |       |       |   382 |   307 |       |       ||   689
         Tower shield      |       |       |       |       |       |       |   608 |   878 |   317 ||  1803
   Form: Statue            |       |       |       |       |       |       |       |     1 |       ||     1

Levels and vault maps discovered:
D:1:      lemuel_arrival_behind_the_door_small, layout_loops_cross,
          dreamdust_ecumenical_altar_sealed_demon, minmay_misc_feat_x,
          palyth_stone_intersect
D:2:      layout_rooms, uniq_jessica
D:3:      layout_loops_ring, general_overflow_altar,
          nicolae_tso_swordbearing_angel, serial_bayou_lagoon_a
D:4:      layout_loops_ring, mainiacjoe_overflow_brackets,
          chequers_temple_overflow_statue_of_worship, serial_demonic,
          serial_demonic_f, serial_demonic_d, serial_demonic_d,
          serial_demonic_g, serial_demonic_c, serial_demonic_b, uniq_duvessa
D:5:      layout_layer_cave, kennysheep_little_box, marbit_many_paths,
          nicolae_uskayaw_en_pointe, lemuel_doored_altar,
          minmay_temple_entry_tees, uniq_menkaure, uniq_blork_the_orc,
          uniq_sigmund
D:6:      layout_cave_pools, nicolae_dithmenos_the_darkroom,
          gammafunk_ghost_icy, kb_rosetta
D:7:      layout_basic, kennysheep_mini_moat
D:8:      layout_loops_ring, serial_shops, nicolae_shop_tiny_glass,
          minmay_crystal_room, nicolae_looking_at_the_future
D:9:      layout_basic
D:10:     layout_gridville, grunt_temple_overflow_order_and_chaos_1,
          orc_0_dummy, serial_co_window_serial, co_window_corner_a,
          co_window_corner_a, co_window_paths_a, co_window_of_opportunity_a,
          co_window_paths_b, co_window_unsneaky_path_c, co_window_broadway_b,
          co_window_unsneaky_path_e, glass_columns_a, glass_columns_b,
          glass_columns_b, glass_columns_b, uniq_erica
D:11:     layout_basic, lair_entry_dummy, uniq_psyche
D:12:     wad_guarded_room, layout_basic, kennysheep_nondescript, uniq_azrael
D:13:     layout_loops_ring, uniq_maurice
D:14:     minmay_the_grid_triangle_9x9_rhombus_full
          [minmay_the_grid_triangle_9x9_from_above,
          minmay_the_grid_triangle_9x9_odd_lines,
          minmay_the_grid_triangle_9x9_tough_junction,
          minmay_the_grid_triangle_9x9_fully_insulated_deathbox,
          minmay_the_grid_triangle_9x9_minimal,
          minmay_the_grid_triangle_9x9_alien,
          minmay_the_grid_triangle_9x9_swiss_cheese,
          minmay_the_grid_triangle_9x9_prize_top_heavy], layout_basic,
          erik_vaults_2, gammafunk_ghost_necromancy,
          nicolae_qazlal_scattered_showers, uniq_nessos
D:15:     grunt_enter_depths_snipers, layout_loops_ring, dk_noncrumbling_2
Lair:1:   layout_regular_city, minmay_shattered_shrine, grunt_megastairs_2
Lair:2:   layout_chaotic_city, serial_forest, infiniplex_forest_clump_small,
          infiniplex_forest_end_1, infiniplex_forest_clump_small,
          infiniplex_forest_end_1, infiniplex_forest_end_1,
          infiniplex_forest_side_room, infiniplex_forest_clump_diagonal,
          chequers_serial_rivers_large_b, minmay_lair_oklob_items,
          lemuel_fruit_fields
Lair:3:   layout_cave_shapes, skrybe_swamp_entry_bodies,
          nicolae_spider_entry_lesser_pyramids, grunt_forest_large_clearings
Lair:4:   layout_layer_cave, slime_entry_1, portal_ice_cave_entry_pillars_2,
          grunt_forest_stairs_basic
Lair:5:   due_jungle_book, layout_loops_ring, serial_forest,
          infiniplex_forest_lined_corner, infiniplex_forest_zigzag_2,
          infiniplex_forest_lined_room_2, infiniplex_forest_straight_2,
          infiniplex_forest_end_double, infiniplex_forest_clump_double,
          infiniplex_forest_straight_4, dpeg_oklob_1, uniq_sonja
Swamp:1:  layout_basic_swamp, evilmike_swamp_ruin_house_6
Swamp:2:  nzn_winding_woodlands_small [nzn_winding_woodlands_5x15_eye,
          nzn_winding_woodlands_center_pierced_h,
          nzn_winding_woodlands_5x15_cabin], layout_basic_swamp,
          evilmike_swamp_ruin_house_4, swamp_pool5, uniq_nikola
Swamp:3:  layout_basic_swamp, nicolae_swamp_triple_paths, uniq_aizul,
          uniq_donald, uniq_roxanne
Swamp:4:  swamp_alternative, layout_basic_swamp
Spider:1: layout_spider_delve
Spider:2: layout_cave_pods, nicolae_spider_not_touching_you, uniq_asterion,
          uniq_arachne, uniq_louise
Spider:3: layout_chambers, drop_trap, nicolae_crawler_farm, uniq_mlioglotl
Spider:4: spider_rune_water
Slime:1:  layout_caves
Slime:2:  layout_caves
Slime:3:  layout_caves
Slime:4:  layout_caves
Slime:5:  slime_pit
Orc:1:    layout_diamond_mine
Orc:2:    grunt_orc_gardens, layout_diamond_mine, grunt_orc_garden,
          grunt_orc_garden, grunt_orc_garden, grunt_orc_garden, basic_altar
Elf:1:    nicolae_elf_arrival_fired_up, layout_gridlike,
          minmay_elf_crystal_heptagon
Elf:2:    elven_hall_of_blades_hangedman_original
          [infiniplex_blade_entry_pillars], layout_geoelf_octagon,
          nicolae_shop_i_like_big_books, uniq_zenata
Elf:3:    minmay_elf_hall_x, layout_gridlike, uniq_bai_suzhen
Vaults:1: biasface_ghost_orc_armoury, vaults_room_grunt_arrival_ludios,
          vaults_room_semicircle, nicolae_vaults_double_plus_2, v_misc_17,
          nicolae_vaults_storage_closets_1, v_misc_31,
          nicolae_vaults_tetromino_T_1, nicolae_vaults_closet_pinwheel_2,
          nicolae_vaults_surprise_closet, grunt_vaults_swirl,
          nicolae_vaults_theta, layout_vaults_omnicross, serial_shops, shop
Vaults:2: nicolae_vaults_sightless_eye, minmay_crypt_entry_simple_statues,
          vaults_standard_mumra_lines, nicolae_vaults_asterisk,
          hangedman_vaults_snaps, v_misc_12,
          nicolae_vaults_shipping_containers_6, nicolae_vaults_three_branches,
          nicolae_vaults_windows_and_doors_thing, ontoclasm_vaults_hangar,
          grunt_vaults_hallway_short, nicolae_vaults_trapezoid_layered,
          nicolae_vaults_tetromino_L_2, layout_vaults_ring
Vaults:3: nicolae_vaults_ninety_degrees, vaults_standard_mumra_x,
          ontoclasm_vaults_eye, ontoclasm_vaults_fault,
          nicolae_vaults_closet_pinwheel_6, vaults_room_fancy_cross,
          nicolae_vaults_network_s, nicolae_vaults_apartment_1,
          nicolae_vaults_storage_room_glass, grunt_vaults_twisty,
          nicolae_vaults_tetromino_L_2, layout_vaults_omnigrid
Vaults:4: nicolae_vaults_trapezoid_1, nicolae_vaults_shrinking_rooms_2,
          nicolae_vaults_network_square, v_misc_27,
          nicolae_vaults_disjoint_gnomons, nicolae_vaults_house_2, v_misc_8,
          nicolae_vaults_closet_pinwheel_5, nicolae_vaults_more_shelving_2,
          nicolae_vaults_hexular_roomagon, nicolae_vaults_trapezoid_2,
          nicolae_vaults_trapezoid_2, layout_vaults_omnibox, serial_shops,
          nicolae_shop_advertising_works [nicolae_subvault_shop_adworks]
Depths:1: layout_basic, enter_ziggurat_d, serial_bayou_pond_e, abyss_entry,
          hell_entry, enter_trove_5, minivault_15, st_stairs_12,
          minmay_gold_behind_fungi, nicolae_water_bricks, minmay_crystal_box
Depths:2: minmay_tile_spiral, layout_cave_pools, hangedman_decor_lopped,
          serial_bayou, serial_bayou_pond_b, serial_bayou_shore_b,
          serial_bayou_shore_b, serial_bayou_pond_c, grunt_mini_vestibule,
          rand_demon_pan_entry_7, uniq_mara
Depths:3: minmay_firetagon, layout_cave_shapes, serial_bayou_shore_b,
          abyss_entry, hell_entry, serial_bayou_shore_b, minmay_shop_grove,
          infiniplex_staircase_pool_2
Depths:4: grunt_zot_entry_alcove, layout_cave_shapes,
          nicolae_abyss_entry_one_way_or_another, serial_sigils_hangedman_etch,
          hangedman_coc_ice_floe, minmay_misc_feat_doors, grunt_megastairs_3
Zot:1:    grunt_deathspiral_small, layout_cathedral_of_symmetry
Zot:2:    minmay_elemental_castle, layout_basic
Zot:3:    layout_onion_interference, nicolae_transmutations_shop,
          zot_minivault_7, grunt_megastairs_4, uniq_tiamat
Zot:4:    layout_cathedral_of_symmetry
Zot:5:    layout_gridlike, st_stairs_2

Notes
Turn   | Place    | Note
-------+----------+-------------------------------------------
     0 | D:1      | MackTheKnife the Ogre Warper began the quest for the Orb.
     0 | D:1      | Reached XP level 1. HP: 22/22 MP: 3/3
     0 | D:1      | magus.rc [v1.9.6]
    89 | D:1      | Reached skill level 3 in Fighting
    89 | D:1      | Reached skill level 2 in Maces & Flails
   168 | D:1      | Reached XP level 2. HP: 30/31 MP: 5/5
   350 | D:1      | Found a faded altar of an unknown god.
   595 | D:1      | You pick up a book of the Senses and begin reading...
   595 | D:1      | You add the spells Dazzling Flash, Agony and Silence to
                  | your library.
   785 | D:1      | Reached XP level 3. HP: 39/39 MP: 6/6
   929 | D:1      | Learned a level 2 spell: Blink
  1108 | D:2      | Reached skill level 4 in Fighting
  1525 | D:2      | Noticed Jessica
  1553 | D:2      | Reached skill level 3 in Maces & Flails
  1553 | D:2      | Reached XP level 4. HP: 38/49 MP: 7/7
  1555 | D:2      | Killed Jessica
  1990 | D:3      | Reached skill level 5 in Fighting
  2221 | D:3      | Reached XP level 5. HP: 54/57 MP: 8/8
  2493 | D:3      | Found a glowing golden altar of the Shining One.
  2690 | D:3      | You fall into a shaft and drop 1 floor!
  2776 | D:4      | HP: 13/59 [orc/+0 club (2)]
  2781 | D:4      | Reached skill level 4 in Maces & Flails
  2976 | D:4      | Found a broken altar of Ashenzari.
  2978 | D:4      | Found an iron altar of Okawaru.
  2992 | D:4      | Became a worshipper of Warmaster Okawaru
  3032 | D:4      | Reached skill level 6 in Fighting
  3032 | D:4      | Reached XP level 6. HP: 33/67 MP: 9/9
  3039 | D:4      | HP: 16/67 [orc/+0 hand axe (6)]
  3368 | D:4      | Noticed Dowan
  3368 | D:4      | Noticed Duvessa
  3468 | D:4      | Noticed an orc warrior
  3470 | D:4      | an orc warrior changed into a hound
  3733 | D:4      | Found a snail-covered altar of Cheibriados.
  3772 | D:4      | Reached skill level 7 in Fighting
  3772 | D:4      | Reached XP level 7. HP: 64/78 MP: 10/10
  3845 | D:4      | Reached * piety under Okawaru
  4039 | D:4      | Reached skill level 5 in Maces & Flails
  4050 | D:4      | HP: 18/78 [orc wizard/+1 dagger of venom (3)]
  4056 | D:4      | HP: 18/78 [orc/+0 whip (5)]
  4410 | D:3      | Found a basalt altar of Yredelemnul.
  4963 | D:5      | Entered Level 5 of the Dungeon
  5319 | D:5      | Noticed Blork the orc
  5340 | D:5      | Killed Blork the orc
  5485 | D:5      | Reached skill level 8 in Fighting
  6002 | D:5      | Found a burning altar of Makhleb.
  6153 | D:5      | Reached skill level 6 in Maces & Flails
  6153 | D:5      | Reached XP level 8. HP: 63/89 MP: 11/11
  6455 | D:5      | Noticed Sigmund
  6456 | D:5      | Sigmund changed into Sigmund the iguana
  6456 | D:5      | Noticed Sigmund
  6468 | D:5      | Killed Sigmund the iguana
  6683 | D:5      | Found a staircase to the Ecumenical Temple.
  6823 | D:5      | HP: 17/81 [bullfrog (5)]
  6825 | D:5      | Reached skill level 9 in Fighting
  7072 | D:5      | Noticed a +0 dagger
  7072 | D:5      | Noticed a +0 spear
  7073 | D:5      | Noticed a +0 falchion
  7073 | D:5      | Noticed a +0 dagger
  7074 | D:5      | Noticed a +0 short sword
  7075 | D:5      | Noticed a +0 short sword
  7075 | D:5      | Noticed a +0 spear
  7076 | D:5      | Noticed a +0 falchion
  7313 | D:5      | Found a hide-covered altar of Uskayaw.
  7345 | D:5      | Noticed Menkaure
  7348 | D:5      | Found a sacrificial altar of Ru.
  7598 | D:6      | You pick up a book of Scorching and begin reading...
  7598 | D:6      | You add the spells Scorch and Flame Wave to your library.
  7611 | D:6      | Noticed a two-headed ogre
  7618 | D:5      | magus.rc [v1.9.6]
  7713 | D:5      | Killed Menkaure
  7713 | D:5      | Reached ** piety under Okawaru
  7895 | D:5      | Reached skill level 10 in Fighting
  7895 | D:5      | Reached skill level 7 in Maces & Flails
  7929 | D:5      | Identified a scroll of acquirement
  7929 | D:5      | Acquired a +5 spectral giant spiked club
  7982 | D:6      | Found a runed translucent gate.
  7984 | D:6      | Found a runed translucent gate.
  7985 | D:6      | Found a runed translucent gate.
  8113 | D:6      | Killed a two-headed ogre
  8114 | D:6      | Reached skill level 8 in Maces & Flails
  8114 | D:6      | Reached XP level 9. HP: 57/101 MP: 12/12
  8164 | D:6      | Reached skill level 9 in Maces & Flails
  8266 | D:6      | Reached *** piety under Okawaru
  8383 | D:6      | Found a shadowy altar of Dithmenos.
  8397 | D:6      | Reached skill level 10 in Maces & Flails
  8458 | D:6      | Noticed a kobold demonologist
  8467 | D:6      | Killed a kobold demonologist
  8571 | D:6      | Noticed Jaaky's ghost (novice SpBr)
  9022 | D:7      | Reached **** piety under Okawaru
  9027 | D:7      | Reached skill level 11 in Maces & Flails
  9027 | D:7      | Reached XP level 10. HP: 110/110 MP: 13/13
  9448 | D:7      | Found a bloodstained altar of Trog.
  9802 | D:8      | Found Odas Iri's Distillery.
  9826 | D:8      | Bought a potion of curing for 30 gold pieces
  9826 | D:8      | Bought a potion of curing for 30 gold pieces
  9826 | D:8      | Bought a potion of attraction for 30 gold pieces
  9826 | D:8      | Bought a potion of invisibility for 80 gold pieces
  9826 | D:8      | Bought 2 potions of heal wounds for 100 gold pieces
 10347 | D:8      | Reached skill level 12 in Maces & Flails
 10589 | D:9      | Reached skill level 3 in Dodging
 10824 | D:9      | You pick up a book of Storms and begin reading...
 10824 | D:9      | You add the spells Static Discharge and Airstrike to your
                  | library.
 10859 | D:9      | Reached skill level 4 in Dodging
 10862 | D:9      | Reached ***** piety under Okawaru
 11546 | D:10     | Entered Level 10 of the Dungeon
 11563 | D:10     | Reached skill level 5 in Dodging
 11577 | D:10     | Found a staircase to the Orcish Mines.
 11581 | D:10     | Noticed a centaur warrior
 11583 | D:10     | Found a shimmering altar of Xom.
 11586 | D:10     | Killed a centaur warrior
 11587 | D:10     | Reached skill level 6 in Dodging
 11687 | D:10     | Noticed an angel
 11700 | D:10     | Reached skill level 1 in Invocations
 11733 | D:10     | Killed an unseen horror
 11733 | D:10     | Received a gift from Okawaru
 11734 | D:10     | Reached skill level 3 in Invocations
 11734 | D:10     | Reached XP level 11. HP: 92/117 MP: 12/14
 11794 | D:10     | Reached skill level 4 in Invocations
 11942 | D:10     | Found a glowing silver altar of Zin.
 11980 | D:10     | Noticed a two-headed ogre
 11984 | D:10     | Killed a two-headed ogre
 11985 | D:10     | Reached skill level 5 in Invocations
 12483 | D:10     | Noticed Erica
 12695 | D:11     | Noticed Psyche
 12768 | D:11     | Reached skill level 6 in Invocations
 13040 | D:11     | Reached skill level 1 in Evocations
 13324 | D:11     | Reached skill level 2 in Evocations
 13377 | D:11     | Noticed a two-headed ogre
 13384 | D:11     | Killed a two-headed ogre
 13385 | D:11     | Reached skill level 3 in Evocations
 13627 | D:11     | Found a staircase to the Lair.
 13978 | Lair:1   | Entered Level 1 of the Lair of Beasts
 13984 | Lair:1   | Identified the +1 cloak of Goeps {Drain rN+ Str+4}
 14015 | Lair:1   | Reached skill level 4 in Evocations
 14037 | Lair:1   | Received a gift from Okawaru
 14255 | Lair:1   | Noticed a catoblepas
 14266 | Lair:1   | Killed a catoblepas
 14267 | Lair:1   | Reached skill level 11 in Fighting
 14322 | Lair:1   | You pick up a book of Alchemy and begin reading...
 14322 | Lair:1   | You add the spells Sublimation of Blood, Petrify and
                  | Irradiate to your library.
 14652 | Lair:1   | Reached XP level 12. HP: 77/131 MP: 8/16
 14655 | Lair:1   | Received a gift from Okawaru
 14658 | Lair:1   | Reached skill level 12 in Fighting
 14936 | Lair:1   | Acquired the ring "Dogomma" {Fly Will+}
 15083 | Lair:1   | Reached skill level 13 in Maces & Flails
 15107 | Lair:1   | Noticed a death yak
 15107 | Lair:1   | Noticed a death yak
 15108 | Lair:1   | Noticed a death yak
 15108 | Lair:1   | Noticed a death yak
 15122 | Lair:1   | Killed a death yak
 15128 | Lair:1   | Killed a death yak
 15131 | Lair:1   | Killed a death yak
 15135 | Lair:1   | Killed a death yak
 15136 | Lair:1   | Reached skill level 13 in Fighting
 16259 | Lair:2   | Received a gift from Okawaru
 16742 | Lair:3   | Reached skill level 14 in Fighting
 16764 | Lair:3   | Reached skill level 14 in Maces & Flails
 16953 | Lair:3   | Reached XP level 13. HP: 148/148 MP: 15/17
 16995 | Lair:3   | Received a gift from Okawaru
 16996 | Lair:3   | Reached skill level 15 in Fighting
 17373 | Lair:3   | Found a hole to the Spider Nest.
 17696 | Lair:3   | Found a staircase to the Swamp.
 17707 | Lair:3   | Reached skill level 16 in Fighting
 17989 | Lair:4   | Received a gift from Okawaru
 18017 | Lair:4   | Reached skill level 15 in Maces & Flails
 18177 | Lair:4   | Found a frozen archway.
 18339 | Lair:4   | Reached ****** piety under Okawaru
 18496 | Lair:3   | Received a gift from Okawaru
 18497 | Lair:3   | Reached skill level 17 in Fighting
 18781 | Lair:3   | Acquired a +3 great mace of protection
 18781 | Lair:3   | Received a gift from Okawaru
 18784 | Lair:3   | Acquired the +2 troll leather armour of the Soft God
                  | {Rampage rElec rN+ Regen+}
 18784 | Lair:3   | Received a gift from Okawaru
 19092 | Lair:4   | Found a viscous altar of Jiyva.
 19093 | Lair:4   | Found a staircase to the Slime Pits.
 19541 | Lair:5   | Entered Level 5 of the Lair of Beasts
 19553 | Lair:5   | Reached XP level 14. HP: 166/166 MP: 18/18
 19592 | Lair:5   | You pick up a book of Misfortune and begin reading...
 19592 | Lair:5   | You add the spells Inner Flame, Yara's Violent Unravelling
                  | and Enfeeble to your library.
 19596 | Lair:5   | You add the spells Apportation, Momentum Strike,
                  | Dimensional Bullseye and Ignition to your library.
 19596 | Lair:5   | Got an engraved book
 19636 | Lair:5   | Noticed Sonja
 19639 | Lair:5   | Killed Sonja
 19695 | Lair:5   | Received a gift from Okawaru
 19702 | Lair:5   | Reached skill level 18 in Fighting
 19702 | Lair:5   | Reached skill level 16 in Maces & Flails
 19991 | Lair:5   | Noticed a dire elephant
 19991 | Lair:5   | Noticed a dire elephant
 19991 | Lair:5   | Noticed a dire elephant
 20005 | Lair:5   | Killed a dire elephant
 20055 | Lair:5   | Noticed a dire elephant
 20068 | Lair:5   | Killed a dire elephant
 20077 | Lair:5   | Noticed a dire elephant
 20083 | Lair:5   | Killed a dire elephant
 20091 | Lair:5   | Noticed a dire elephant
 20099 | Lair:5   | Killed a dire elephant
 20347 | Lair:5   | Received a gift from Okawaru
 20541 | Lair:5   | Reached skill level 19 in Fighting
 20573 | Lair:5   | Found the +6 Majin-Bo {spellvamp, MP+6 Int+6}
 20624 | Lair:5   | Killed a dire elephant
 20630 | Lair:5   | Killed a dire elephant
 20646 | Lair:5   | Got a tattered book
 21211 | Orc:1    | Entered Level 1 of the Orcish Mines
 21339 | Orc:1    | Received a gift from Okawaru
 21617 | Orc:2    | Entered Level 2 of the Orcish Mines
 21617 | Orc:2    | Found a staircase to the Elven Halls.
 21709 | Orc:2    | Reached skill level 17 in Maces & Flails
 21751 | Orc:2    | Noticed an orc warlord
 21820 | Orc:2    | Reached XP level 15. HP: 130/183 MP: 16/19
 22036 | Orc:2    | Reached skill level 20 in Fighting
 22036 | Orc:2    | Found Qixarue's General Store.
 22088 | Orc:2    | Bought a potion of might for 40 gold pieces
 22100 | Orc:2    | Found Mableot's Jewellery Shoppe.
 22108 | Orc:2    | Bought the ring "Uruept" {rElec rPois rF+ Str-3 Dex+6} for
                  | 823 gold pieces
 22170 | Orc:2    | Found Casapp's Antique Weapon Emporium.
 22243 | Orc:2    | Received a gift from Okawaru
 22249 | Orc:2    | Reached skill level 3 in Translocations
 22261 | Orc:2    | Reached skill level 3 in Spellcasting
 22330 | Orc:2    | Killed an orc warlord
 22365 | Orc:2    | Found Kemm's Antique Armour Shop.
 22588 | Orc:2    | Bought a scorched morningstar for 261 gold pieces
 22588 | Orc:2    | Identified the +7 morningstar of Fodikedymu {heavy, MP+9
                  | Int+3} (You bought it in a shop on level 2 of the Orcish
                  | Mines)
 22607 | Orc:2    | Bought a glowing tower shield for 142 gold pieces
 22712 | D:12     | Reached skill level 4 in Spellcasting
 22790 | D:12     | Reached skill level 4 in Translocations
 23225 | D:12     | Noticed Azrael
 23229 | D:12     | Killed Azrael
 23239 | D:12     | Reached skill level 5 in Spellcasting
 23271 | D:12     | Identified the +9 mace "Irep" {vamp, rN+ Int+2 Stlth+}
 23425 | D:12     | Received a gift from Okawaru
 23426 | D:12     | Reached skill level 5 in Translocations
 23490 | D:12     | Reached skill level 6 in Spellcasting
 24044 | D:13     | magus.rc [v1.9.6]
 24055 | D:12     | Learned a level 4 spell: Manifold Assault
 24119 | D:13     | Reached skill level 6 in Translocations
 24141 | D:13     | Reached skill level 7 in Spellcasting
 24588 | D:13     | Noticed Maurice
 24593 | D:13     | Killed Maurice
 24744 | D:13     | Reached skill level 8 in Spellcasting
 25521 | D:14     | Reached skill level 7 in Translocations
 25552 | D:14     | Reached XP level 16. HP: 109/192 MP: 8/28
 25651 | D:14     | Found a gate to the Vaults.
 25709 | D:14     | Found a runed translucent door.
 25715 | D:14     | Found a runed translucent door.
 25730 | D:14     | Reached skill level 8 in Translocations
 25929 | D:14     | Noticed Nessos
 25939 | D:14     | Killed Nessos
 26173 | D:14     | Found a runed translucent gate.
 26173 | D:14     | Found a runed translucent gate.
 26173 | D:14     | Found a runed translucent gate.
 26174 | D:14     | Noticed Ongus's ghost (journeyman OpEE)
 26253 | D:14     | Found a stormy altar of Qazlal.
 26806 | D:14     | Found a runed translucent door.
 26806 | D:14     | Found a runed translucent door.
 26806 | D:14     | Found a runed translucent door.
 26860 | D:14     | Reached skill level 21 in Fighting
 26889 | D:14     | Received a gift from Okawaru
 27283 | D:14     | Reached skill level 22 in Fighting
 27396 | D:14     | Identified the +12 longbow "Pyfod" {elec, rPois rCorr Str+3
                  | Int+2}
 27397 | D:14     | You add the spells Sting and Metabolic Englaciation to your
                  | library.
 27397 | D:14     | Got a curious book
 27572 | D:15     | Entered Level 15 of the Dungeon
 27966 | D:15     | Reached skill level 7 in Dodging
 27992 | D:15     | Received a gift from Okawaru
 28362 | D:15     | Reached skill level 8 in Dodging
 28849 | D:15     | Reached skill level 9 in Dodging
 29191 | D:15     | Found a staircase to the Depths.
 29218 | D:15     | magus.rc [v1.9.6]
 29406 | Swamp:1  | Entered Level 1 of the Swamp
 29440 | Swamp:1  | Reached skill level 1 in Shields
 29561 | Swamp:1  | You pick up a book of Chaos and begin reading...
 29561 | Swamp:1  | You add the spells Conjure Ball Lightning, Disjunction and
                  | Discord to your library.
 29590 | Swamp:1  | Learned a level 3 spell: Teleport Other
 29595 | Swamp:1  | Learned a level 4 spell: Passage of Golubria
 29597 | Swamp:1  | Learned a level 1 spell: Apportation
 29614 | Swamp:1  | Reached skill level 2 in Shields
 29614 | Swamp:1  | Reached XP level 17. HP: 208/208 MP: 16/29
 30021 | Swamp:1  | You add the spells Gell's Gravitas and Dispersal to your
                  | library.
 30089 | Swamp:1  | You pick up a book of the Senses and begin reading...
 30263 | Swamp:2  | Reached skill level 10 in Dodging
 30263 | Swamp:2  | Reached skill level 3 in Shields
 30518 | Swamp:2  | Received a gift from Okawaru
 30519 | Swamp:2  | Reached skill level 4 in Shields
 30539 | Swamp:2  | Reached skill level 5 in Shields
 30555 | Swamp:2  | Noticed Nikola
 30560 | Swamp:2  | Reached skill level 6 in Shields
 30572 | Swamp:2  | Killed Nikola
 30710 | Swamp:2  | Reached skill level 7 in Shields
 31386 | Swamp:3  | Noticed Donald
 31404 | Swamp:3  | Killed Donald
 31405 | Swamp:3  | Reached skill level 8 in Shields
 31465 | Swamp:3  | P - a +4 double sword {longrare=g}
 31585 | Swamp:3  | Noticed Roxanne
 31603 | Swamp:3  | Reached skill level 9 in Shields
 31681 | Swamp:3  | Received a gift from Okawaru
 32027 | Swamp:3  | Noticed Aizul
 32033 | Swamp:3  | Killed Aizul
 32035 | Swamp:3  | Reached skill level 10 in Shields
 32478 | Swamp:4  | Entered Level 4 of the Swamp
 32840 | Swamp:4  | Received a gift from Okawaru
 32841 | Swamp:4  | Reached skill level 11 in Shields
 32986 | Swamp:4  | Reached XP level 18. HP: 215/218 MP: 30/30
 33022 | Swamp:4  | Reached skill level 12 in Shields
 33034 | Swamp:4  | Received a gift from Okawaru
 33486 | Swamp:4  | Got a decaying rune of Zot
 33522 | Swamp:4  | Reached skill level 13 in Shields
 33643 | Swamp:4  | You pick up a book of Flames and begin reading...
 33906 | Swamp:4  | Gained mutation: You passively map a small area around you.
                  | [potion of mutation]
 34010 | Spider:1 | Entered Level 1 of the Spider Nest
 34014 | Lair:3   | You drop a +4 double sword {longrare=g}.
 34324 | Spider:1 | Reached skill level 1 in Armour
 34464 | Spider:1 | Reached skill level 2 in Armour
 34946 | Spider:2 | magus.rc [v1.9.6]
 34948 | Spider:2 | Received a gift from Okawaru
 34977 | Spider:2 | Noticed Asterion
 35042 | Spider:1 | HP: 53/218 [entropy weaver (10)]
 35042 | Spider:1 | HP: 26/218 [entropy weaver (16)]
 35223 | Spider:1 | Reached skill level 3 in Armour
 35424 | Spider:1 | Killed Asterion
 35876 | Spider:2 | Reached skill level 4 in Armour
 35876 | Spider:2 | Reached skill level 14 in Shields
 36201 | Spider:2 | Noticed Louise
 36234 | Spider:2 | Killed Louise
 36981 | Spider:2 | Noticed Arachne
 36992 | Spider:2 | Killed Arachne
 37118 | Spider:2 | Reached skill level 15 in Shields
 37403 | Spider:2 | HP: 54/218 [tarantella[a torpor snail] (13)]
 37404 | Spider:2 | HP: 26/218 [torpor snail (17)]
 37781 | Spider:2 | You pick up a book of the Spheres and begin reading...
 37781 | Spider:2 | You add the spells Brom's Barrelling Boulder, Iskenderun's
                  | Battlesphere, Fireball and Orb of Destruction to your
                  | library.
 38432 | Spider:2 | magus.rc [v1.9.6]
 38491 | Spider:3 | Reached skill level 7 in Invocations
 38777 | Spider:3 | Reached XP level 19. HP: 195/226 MP: 31/31
 39001 | Spider:3 | Reached skill level 8 in Invocations
 39570 | Spider:3 | Reached skill level 9 in Invocations
 39799 | Spider:3 | You pick up a book of Dreams and begin reading...
 39799 | Spider:3 | You add the spells Jinxbite, Ensorcelled Hibernation and
                  | Anguish to your library.
 39813 | Spider:3 | Received a gift from Okawaru
 40055 | Spider:3 | Noticed Mlioglotl
 40062 | Spider:3 | Killed Mlioglotl
 40290 | Spider:3 | Reached skill level 10 in Invocations
 40962 | Spider:4 | Entered Level 4 of the Spider Nest
 41355 | Spider:4 | Identified the +2 robe of Veebyog {Regen+}
 41676 | Spider:4 | Reached skill level 9 in Translocations
 42769 | Spider:4 | Reached skill level 10 in Translocations
 43305 | Spider:4 | Got a gossamer rune of Zot
 43608 | Vaults:1 | Entered Level 1 of the Vaults
 43619 | D:14     | HP: 56/226 [ironbound preserver/+0 dire flail (1)]
 43629 | D:14     | HP: 45/226 [ironbound preserver/+0 dire flail (8)]
 43940 | Elf:1    | Entered Level 1 of the Elven Halls
 44099 | Elf:1    | Reached skill level 16 in Shields
 44395 | Elf:1    | Paralysed by an air elemental for 1 turns
 44631 | Elf:1    | Received a gift from Okawaru
 44901 | Elf:1    | Paralysed by an air elemental for 1 turns
 44921 | Elf:1    | Reached XP level 20. HP: 236/236 MP: 32/32
 45117 | Elf:1    | Reached skill level 17 in Shields
 45606 | Elf:1    | Lost mutation: You passively map a small area around you.
                  | [potion of mutation]
 45606 | Elf:1    | Gained mutation: Your magical capacity is low. (-10% MP)
                  | [potion of mutation]
 45606 | Elf:1    | Lost mutation: Your magical capacity is low. (-10% MP)
                  | [potion of mutation]
 45606 | Elf:1    | Gained mutation: You occasionally lose the ability to read
                  | scrolls when taking damage. [potion of mutation]
 45606 | Elf:1    | Gained mutation: You are partially covered in iridescent
                  | scales. (AC +2) [potion of mutation]
 45607 | Elf:1    | Lost mutation: You are partially covered in iridescent
                  | scales. (AC +2) [potion of mutation]
 45607 | Elf:1    | Lost mutation: You occasionally lose the ability to read
                  | scrolls when taking damage. [potion of mutation]
 45607 | Elf:1    | Gained mutation: You are strong-willed. (Will+) [potion of
                  | mutation]
 45607 | Elf:1    | Gained mutation: You are clumsy. (Dex -2) [potion of
                  | mutation]
 45607 | Elf:1    | Gained mutation: You have hidden genetic potential. [potion
                  | of mutation]
 45822 | Elf:2    | You pick up a book of Dreams and begin reading...
 45847 | Elf:2    | Found Vythut's Tremendous Tomes.
 45926 | Elf:2    | You pick up a book of Iron and begin reading...
 46190 | Elf:2    | Found a runed translucent gate.
 46190 | Elf:2    | Found a runed translucent gate.
 46191 | Elf:2    | Found a runed translucent gate.
 46245 | Elf:3    | Entered Level 3 of the Elven Halls
 46570 | Elf:3    | Reached skill level 18 in Shields
 46954 | Elf:3    | Noticed Bai Suzhen
 46969 | Elf:3    | Received a gift from Okawaru
 46999 | Elf:3    | Killed Bai Suzhen
 48005 | Elf:3    | Reached skill level 19 in Shields
 48005 | Elf:3    | a deep elf zephyrmancer comes into view. It is wielding the
                  | +8 pair of quick blades "Gyre" and "Gimble" {protect} and
                  | carrying a wand of iceblast.
 48006 | Elf:3    | Identified the +3 scale mail of the Journeyman {Regen+
                  | Slay+2}
 48010 | Elf:3    | Identified the staff "Binaicw" {*Corrode *Slow rF+ Int+6
                  | Earth}
 48015 | Elf:3    | Aim: a deep elf zephyrmancer, wielding the +8 pair of quick
                  | blades "Gyre" and "Gimble" {protect} and carrying a wand of
                  | iceblast (moderately wounded, inner flame)
 48015 | Elf:3    | Aim: a deep elf zephyrmancer, wielding the +8 pair of quick
                  | blades "Gyre" and "Gimble" {protect} and carrying a wand of
                  | iceblast (moderately wounded, inner flame)
 48022 | Elf:3    | Received a gift from Okawaru
 48227 | Elf:3    | F - the +8 pair of quick blades "Gyre" and "Gimble"
                  | {protect, shortrare=g}
 48229 | Elf:3    | You drop the +8 pair of quick blades "Gyre" and "Gimble"
                  | {protect, shortrare=g}.
 48321 | Elf:3    | F - the +8 pair of quick blades "Gyre" and "Gimble"
                  | {protect, shortrare=g}
 48533 | Elf:3    | You add the spells Freeze, Hailstorm, Freezing Cloud and
                  | Ozocubu's Refrigeration to your library.
 48533 | Elf:3    | Got a blackened book
 48534 | Elf:3    | Identified the staff "Yhil" {rPois rF+ rC+ Fire}
 48579 | Elf:3    | You pick up a book of Party Tricks and begin reading...
 48584 | Elf:3    | You add the spells Poisonous Vapours and Olgreb's Toxic
                  | Radiance to your library.
 48587 | Elf:3    | You pick up a book of Air and begin reading...
 48587 | Elf:3    | You add the spells Shock and Swiftness to your library.
 49318 | Elf:2    | Bought the Compilation of Composition for 936 gold pieces
 49318 | Elf:2    | You add the spells Wereblood, Passwall, Ignite Poison and
                  | Eringya's Noxious Bog to your library.
 49321 | Elf:2    | Learned a level 2 spell: Wereblood
 49753 | Vaults:1 | Reached skill level 1 in Transmutations
 49935 | Vaults:1 | Acquired 358 gold pieces
 49947 | Vaults:1 | Reached skill level 20 in Shields
 49947 | Vaults:1 | Reached skill level 2 in Transmutations
 49995 | Vaults:1 | Reached skill level 3 in Transmutations
 50058 | Vaults:1 | Reached XP level 21. HP: 245/245 MP: 33/33
 50070 | Vaults:1 | Reached skill level 4 in Transmutations
 50093 | Vaults:1 | Gained mutation: You have a pair of small antennae on your
                  | head. [hidden potential]
 50218 | Vaults:1 | Reached skill level 5 in Transmutations
 50342 | Vaults:1 | Reached skill level 1 in Shapeshifting
 50633 | Vaults:1 | Found a runed translucent gate.
 50633 | Vaults:1 | Found a runed translucent gate.
 50633 | Vaults:1 | Found a runed translucent gate.
 50633 | Vaults:1 | Noticed Tungsten's ghost (adept MiRe)
 50652 | Vaults:1 | Reached skill level 2 in Shapeshifting
 50655 | Vaults:1 | Found Nugrash Ruon's Jewellery Shop.
 50684 | Vaults:1 | Identified the ring "Qulef" {rPois Int+6}
 50701 | Vaults:1 | Reached skill level 3 in Shapeshifting
 51071 | Vaults:1 | Reached skill level 4 in Shapeshifting
 51369 | Vaults:1 | Reached skill level 5 in Shapeshifting
 52141 | Vaults:1 | Reached skill level 6 in Shapeshifting
 52587 | Vaults:2 | Reached skill level 7 in Shapeshifting
 52723 | Vaults:2 | Received a gift from Okawaru
 52819 | Vaults:2 | Found a staircase to the Crypt.
 53240 | Vaults:2 | Reached skill level 8 in Shapeshifting
 53812 | Vaults:2 | Reached skill level 9 in Shapeshifting
 54191 | Vaults:2 | Reached skill level 10 in Shapeshifting
 54487 | Vaults:2 | magus.rc [v1.9.6]
 54487 | Vaults:2 | magus.rc [v1.9.6]
 54660 | Vaults:3 | Identified the +4 dire flail "Beastbane" {antimagic,
                  | *Corrode rElec rN+++ Int-4}
 54911 | Vaults:3 | Received a gift from Okawaru
 55187 | Vaults:3 | Reached skill level 11 in Shapeshifting
 55187 | Vaults:3 | Reached XP level 22. HP: 241/254 MP: 13/34
 55218 | Vaults:3 | Lost mutation: You are clumsy. (Dex -2) [hidden potential]
 55218 | Vaults:3 | Lost mutation: You have hidden genetic potential. [hidden
                  | potential expressed]
 55678 | Vaults:3 | Identified the +8 spear of the Shifting Gods {freeze, rF+
                  | rCorr Int+6}
 55963 | Vaults:3 | Reached skill level 12 in Shapeshifting
 56655 | Vaults:3 | You pick up a book of Spatial Translocations and begin
                  | reading...
 56661 | Vaults:3 | Learned a level 4 spell: Vhi's Electric Charge
 57049 | Vaults:4 | Identified the ring of the Unstoppable People {rC+ rCorr}
 57223 | Vaults:4 | Reached skill level 13 in Shapeshifting
 57271 | Vaults:4 | Received a gift from Okawaru
 57367 | Vaults:4 | Identified the +2 leather armour "Piomm" {rC++ Dex+4}
 57672 | Vaults:4 | Paralysed by a formless jellyfish for 1 turns
 57904 | Vaults:4 | You pick up a book of Burglary and begin reading...
 58005 | Vaults:4 | Found Xeowkex's Distillery.
 58035 | Vaults:4 | Identified the ring "Niuwoz" {rF+ MP+9 Dex+6}
 58072 | Vaults:4 | Bought a potion of heal wounds for 65 gold pieces
 58072 | Vaults:4 | Bought a potion of haste for 130 gold pieces
 58072 | Vaults:4 | Bought a potion of curing for 39 gold pieces
 58072 | Vaults:4 | Bought a potion of curing for 39 gold pieces
 58072 | Vaults:4 | Bought a potion of curing for 39 gold pieces
 58884 | Depths:1 | Entered Level 1 of the Depths
 58954 | Depths:1 | Reached skill level 14 in Shapeshifting
 59070 | Depths:1 | Noticed an ancient lich
 59073 | Depths:1 | Noticed a dread lich
 59080 | Depths:1 | Found a one-way gateway to a ziggurat.
 59087 | Depths:1 | Killed a dread lich
 59256 | Depths:1 | Killed an ancient lich
 59499 | Depths:1 | You pick up a book of Sloth and begin reading...
 60149 | Depths:1 | Found a gateway to Hell.
 60184 | Depths:1 | Reached skill level 15 in Shapeshifting
 60584 | Depths:1 | Found a one-way gate to the infinite horrors of the Abyss.
 60824 | Depths:1 | Found a runed translucent door.
 60877 | Depths:1 | You pick up a book of Necromancy and begin reading...
 60877 | Depths:1 | You add the spells Necrotise and Vampiric Draining to your
                  | library.
 61408 | Depths:1 | Found a portal to a secret trove of treasure.
 61723 | Depths:2 | Noticed Mara
 61734 | Depths:2 | Noticed MackTheKnife's illusion
 61735 | Depths:2 | Killed Mara
 61736 | Depths:2 | Reached XP level 23. HP: 262/263 MP: 7/35
 62003 | Depths:2 | Reached skill level 16 in Shapeshifting
 62449 | Depths:2 | Reached skill level 5 in Armour
 62481 | Depths:2 | Reached skill level 6 in Armour
 62482 | Depths:2 | Received a gift from Okawaru
 62931 | Depths:2 | Reached skill level 7 in Armour
 62944 | Depths:2 | Found a one-way gate leading to the halls of Pandemonium.
 63370 | Depths:2 | You pick up a book of Weapons and begin reading...
 63385 | Depths:2 | Reached skill level 11 in Dodging
 63501 | Depths:2 | You add the spells Fulminant Prism and Leda's Liquefaction
                  | to your library.
 63501 | Depths:2 | Got a glistering book
 63780 | Depths:3 | Reached skill level 12 in Dodging
 63795 | Depths:3 | Reached skill level 5 in Evocations
 64075 | Depths:3 | Reached skill level 6 in Evocations
 64080 | Depths:3 | Reached skill level 7 in Evocations
 64155 | Depths:3 | t - a +1 eveningstar of flaming {macerare=g}
 64157 | Depths:3 | You pick up a book of Flames and begin reading...
 64228 | Depths:3 | Reached skill level 8 in Evocations
 64236 | Depths:3 | Received a gift from Okawaru
 64339 | Depths:3 | You pick up a book of Displacement and begin reading...
 64575 | Depths:3 | Found Waevop's Jewellery Emporium.
 64576 | Depths:3 | Found Mithuam's Book Boutique.
 64577 | Depths:3 | Found Koigupp's Jewellery Emporium.
 64587 | Depths:3 | Bought the ring of Loorchouv {rPois rC+ rCorr Dex+4 Stlth+}
                  | for 711 gold pieces
 64733 | Depths:4 | Entered Level 4 of the Depths
 64744 | Depths:4 | Reached skill level 9 in Evocations
 64825 | Depths:4 | Reached XP level 24. HP: 273/273 MP: 23/35
 64838 | Depths:4 | Reached skill level 10 in Evocations
 65202 | Depths:4 | Reached skill level 9 in Spellcasting
 65491 | Depths:4 | Received a gift from Okawaru
 65492 | Depths:4 | Reached skill level 11 in Translocations
 65604 | Depths:4 | Reached skill level 10 in Spellcasting
 65621 | Depths:4 | Found a gate to the Realm of Zot.
 65627 | Depths:4 | +0 storm dragon scales {rare}; a storm dragon corpse
 65627 | Depths:4 | H - +0 storm dragon scales {rare}
 66079 | Slime:1  | Entered Level 1 of the Pits of Slime
 66091 | Slime:2  | Gained mutation: You occasionally shout uncontrollably at
                  | your foes. [a shining eye]
 66389 | Slime:5  | Entered Level 5 of the Pits of Slime
 66519 | Slime:5  | Noticed the Royal Jelly
 66520 | Slime:5  | Reached skill level 11 in Spellcasting
 66533 | Slime:5  | Killed the Royal Jelly
 66536 | Slime:5  | Reached skill level 12 in Translocations
 66873 | Slime:5  | Reached skill level 12 in Spellcasting
 66939 | Slime:5  | You pick up a book of Death and begin reading...
 66940 | Slime:5  | Identified the ring of the Gastropod {rF+ rN+ Str-2 SInv}
 66945 | Slime:5  | Identified the +1 battleaxe "Ciostrumu" {flame, Drain rC+
                  | rN+ Str+4}
 67005 | Slime:5  | You pick up a book of Frost and begin reading...
 67007 | Slime:5  | Got a slimy rune of Zot
 67008 | Slime:5  | Identified the +12 falchion of the Feral God {protect,
                  | Drain rElec Dex+2}
 67044 | Slime:5  | You pick up a book of Winter and begin reading...
 67046 | Slime:5  | You pick up a book of Hexes and begin reading...
 67048 | Slime:5  | You pick up a book of the Wilderness and begin reading...
 67131 | Slime:1  | Gained mutation: You are clumsy. (Dex -2) [a shining eye]
 67133 | Slime:1  | Received a gift from Okawaru
 67190 | Lair:4   | magus.rc [v1.9.6]
 67461 | Zot:1    | Entered Level 1 of the Realm of Zot
 67649 | Zot:2    | Noticed an orb of fire
 67655 | Zot:2    | Gained mutation: You sometimes lose your temper in combat.
                  | [an orb of fire]
 67656 | Zot:2    | Killed an orb of fire
 67657 | Zot:2    | Reached skill level 13 in Dodging
 67799 | Zot:3    | Lost mutation: You occasionally shout uncontrollably at
                  | your foes. [potion of mutation]
 67799 | Zot:3    | Lost mutation: You have a pair of small antennae on your
                  | head. [potion of mutation]
 67799 | Zot:3    | Gained mutation: You are robust. (+10% HP) [potion of
                  | mutation]
 67799 | Zot:3    | Lost mutation: You are strong-willed. (Will+) [potion of
                  | mutation]
 67800 | Zot:3    | Lost mutation: You sometimes lose your temper in combat.
                  | [potion of mutation]
 67800 | Zot:3    | Lost mutation: You are clumsy. (Dex -2) [potion of
                  | mutation]
 67800 | Zot:3    | Lost mutation: You are robust. (+10% HP) [potion of
                  | mutation]
 67800 | Zot:3    | Gained mutation: Your flesh is cold resistant. (rC+)
                  | [potion of mutation]
 67800 | Zot:3    | Gained mutation: Your magical capacity is low. (-10% MP)
                  | [potion of mutation]
 67805 | Zot:3    | +0 shadow dragon scales {rare}; a shadow dragon corpse
 67889 | Zot:4    | Reached XP level 25. HP: 282/282 MP: 18/35
 67905 | Zot:3    | Received a gift from Okawaru
 67906 | Zot:3    | Reached skill level 14 in Dodging
 68066 | Zot:5    | Entered Level 5 of the Realm of Zot
 68533 | Zot:5    | Noticed a Killer Klown
 68539 | Zot:5    | Killed a Killer Klown
 68659 | Zot:5    | Noticed an ancient lich
 68668 | Zot:5    | Killed an ancient lich
 68680 | Zot:5    | Noticed an orb of fire
 68682 | Zot:5    | Noticed an orb of fire
 68683 | Zot:5    | Gained mutation: You are frail. (-10% HP) [an orb of fire]
 68687 | Zot:5    | Reached skill level 21 in Shields
 68688 | Zot:5    | Noticed a Killer Klown
 68688 | Zot:5    | Gained mutation: You occasionally lose the ability to drink
                  | potions when taking damage. [an orb of fire]
 68690 | Zot:5    | Gained mutation: You occasionally lose the ability to read
                  | scrolls when taking damage. [an orb of fire]
 68691 | Zot:5    | Noticed an ancient lich
 68692 | Zot:5    | Gained mutation: You sometimes lose your temper in combat.
                  | [an orb of fire]
 68695 | Zot:5    | Killed an orb of fire
 68695 | Zot:5    | Killed a Killer Klown
 68695 | Zot:5    | Noticed a dread lich
 68696 | Zot:5    | Noticed a dread lich
 68699 | Zot:5    | Killed a dread lich
 68703 | Zot:5    | Killed an orb of fire
 68706 | Zot:5    | HP: 56/328 [ancient lich/crystal spear (87)]
 68707 | Zot:5    | Killed an ancient lich
 68716 | Zot:5    | Killed a dread lich
 68734 | Zot:5    | Lost mutation: Your magical capacity is low. (-10% MP)
                  | [potion of mutation]
 68734 | Zot:5    | Lost mutation: You occasionally lose the ability to drink
                  | potions when taking damage. [potion of mutation]
 68734 | Zot:5    | Gained mutation: You are very frail. (-20% HP) [potion of
                  | mutation]
 68735 | Zot:5    | Lost mutation: You sometimes lose your temper in combat.
                  | [potion of mutation]
 68735 | Zot:5    | Lost mutation: You occasionally lose the ability to read
                  | scrolls when taking damage. [potion of mutation]
 68735 | Zot:5    | Lost mutation: You are very frail. (-20% HP) [potion of
                  | mutation]
 68735 | Zot:5    | Gained mutation: You possess an exceptional clarity of
                  | mind. [potion of mutation]
 68735 | Zot:5    | Gained mutation: You are agile. (Dex +4, Str/Int -1)
                  | [potion of mutation]
 68735 | Zot:5    | Gained mutation: You have a pair of small horns on your
                  | head. [potion of mutation]
 68939 | Zot:5    | Reached skill level 17 in Shapeshifting
 69068 | Zot:5    | Received a gift from Okawaru
 69101 | Zot:5    | Noticed an ancient lich
 69106 | Zot:5    | Killed an ancient lich
 69109 | Zot:5    | Noticed an electric golem
 69120 | Zot:5    | Killed an electric golem
 69335 | Zot:5    | Reached skill level 18 in Shapeshifting
 69343 | Zot:5    | Noticed an orb of fire
 69348 | Zot:5    | Gained mutation: Armour fits poorly on your strangely
                  | shaped body. [an orb of fire]
 69352 | Zot:5    | Gained mutation: You are weak. (Str -2) [an orb of fire]
 69353 | Zot:5    | Killed an orb of fire
 69357 | Zot:5    | Noticed a dread lich
 69362 | Zot:5    | Killed a dread lich
 69363 | Zot:5    | Noticed a Killer Klown
 69367 | Zot:5    | Killed a Killer Klown
 69367 | Zot:5    | Noticed an ancient lich
 69370 | Zot:5    | Killed an ancient lich
 69371 | Zot:5    | Reached XP level 26. HP: 261/261 MP: 14/39
 69463 | Zot:5    | Got the Orb of Zot
 69608 | Zot:4    | Received a gift from Okawaru
 69630 | Zot:3    | Found the +4 dragonskin cloak
 69630 | Zot:3    | Tiamat, Avatar of the Dragonlord comes into view. She is
                  | wielding a +2 heavy bardiche and wearing the +4 dragonskin
                  | cloak.
 69630 | Zot:3    | Noticed Tiamat
 69633 | Zot:3    | Reached skill level 19 in Shapeshifting
 69646 | Zot:3    | Killed Tiamat
 69736 | Depths:3 | Noticed Yzxazxo the pandemonium lord
 69744 | Depths:3 | Killed Yzxazxo the pandemonium lord
 69766 | Depths:3 | Noticed a seraph
 69770 | Depths:3 | Killed a seraph
 69877 | D:15     | Noticed Nirewouj the pandemonium lord
 69885 | D:15     | Killed Nirewouj the pandemonium lord
 69895 | D:15     | Noticed Mocvos the pandemonium lord
 69899 | D:15     | Killed Mocvos the pandemonium lord
 69900 | D:15     | Reached skill level 20 in Shapeshifting
 69955 | D:12     | Noticed Mips the pandemonium lord
 69968 | D:12     | Killed Mips the pandemonium lord
 69971 | D:12     | Noticed Buerr the pandemonium lord
 69984 | D:11     | Killed Buerr the pandemonium lord
 70076 | D:7      | Killed Erica
 70100 | D:7      | Noticed Jinon the pandemonium lord
 70167 | D:4      | Noticed Uskim the pandemonium lord
 70172 | D:4      | Killed Uskim the pandemonium lord
 70175 | D:4      | Killed Dowan
 70301 | D:$      | Escaped with the Orb!

Vanquished Creatures
  the Royal Jelly (Slime:5)
  A seraph (Depths:3)
  Tiamat (Zot:3)
  4 orbs of fire
  5 ancient liches
  4 dread liches
  Mara (Depths:2)
  3 Killer Klowns (Zot:5)
  Bai Suzhen (Elf:3)
  4 golden dragons
  Nikola (Swamp:2)
  A bone dragon (Depths:4)
  Arachne (Spider:2)
  A Brimstone Fiend (Depths:3)
  6 pandemonium lords
  A hellephant (Depths:3)
  A Tzitzimitl (Zot:5)
  A walking crystal tome (Depths:2)
  An electric golem (Zot:5)
  4 tentacled monstrosities
  7 liches
  Mlioglotl (Spider:3)
  23 Orb Guardians
  2 titans
  A deep elf master archer (Elf:3)
  Asterion (Spider:1)
  16 acid blobs
  A quicksilver dragon (Zot:3)
  A deep elf blademaster (Elf:3)
  4 sphinxes
  4 death cobs
  An ancient champion (Vaults:2)
  A walking divine tome (Depths:2)
  An Executioner (D:15)
  A thorn hunter (Swamp:4)
  Aizul (Swamp:3)
  6 tengu reavers
  4 draconian monks
  6 shadow dragons
  Donald (Swamp:3)
  6 storm dragons
  An iron dragon (Depths:2)
  7 rockslimes
  5 azure jellies (Slime:5)
  4 draconian knights
  A daeva (Depths:3)
  13 frost giants
  A fenstrider witch (Swamp:4)
  8 emperor scorpions
  Louise (Spider:2)
  15 fire giants
  7 deep elf sorcerers
  6 ghost moths
  3 deep elf elementalists
  4 draconian scorchers
  7 vault wardens
  2 balrugs (Depths:2)
  An angel (Depths:3)
  A draconian shifter (Zot:3)
  A draconian stormcaller (Zot:4)
  17 ironbound preservers
  9 quicksilver oozes
  A broodmother (Spider:2)
  4 orc warlords
  23 very ugly things
  A cacodemon (Zot:5)
  6 formless jellyfish
  A demonspawn blood saint (Depths:2)
  4 draconian annihilators
  7 stone giants
  9 ironbound thunderhulks
  Nessos (D:14)
  2 vampire knights
  11 eleionomae
  3 green draconians
  A demonspawn black sun (Depths:3)
  Azrael (D:12)
  8 black draconians
  3 deep elf demonologists
  3 lorocyprocas
  24 dire elephants
  2 bunyips
  5 yellow draconians
  9 white draconians
  6 purple draconians
  4 red draconians
  12 deep elf annihilators (Elf:3)
  10 spark wasps
  2 blizzard demons
  9 ettins
  A spark wasp (shapeshifter) (D:13)
  8 deep elf death magi
  4 crystal guardians (Depths:1)
  5 shambling mangroves
  8 deep elf high priests (Elf:3)
  9 entropy weavers
  11 yaktaur captains
  9 fire dragons
  A hell beast (Depths:2)
  13 great orbs of eyes
  17 vault guards
  7 rakshasas
  3 catoblepae
  A ghost crab (Swamp:2)
  6 ironbound frosthearts
  20 hydras
  5 ogre magi
  3 jorogumos
  A satyr (shapeshifter) (Depths:2)
  7 alligators
  7 ice dragons
  An anaconda (shapeshifter) (Vaults:1)
  Erica (D:7)
  10 centaur warriors
  12 boulder beetles
  11 death yaks
  11 dancing weapons
  4 deep troll shamans
  15 two-headed ogres
  10 demonic crawlers
  4 orc high priests
  2 vampire magi
  A death scarab (Spider:3)
  3 deep troll earth magi
  7 tengu warriors
  A spriggan berserker (Depths:1)
  2 soul eaters
  12 hell knights
  A sun demon (D:11)
  9 deep elf knights
  Sonja (Lair:5)
  A sun moth (Spider:4)
  A cherub (Depths:3)
  2 sixfirhies
  A skeletal warrior (D:12)
  A spectral death yak (Lair:5)
  7 iron trolls
  2 death drakes
  2 goliath frogs (Swamp:1)
  7 pharaoh ants
  A spectral anaconda (Lair:5)
  8 glowing orange brains
  6 spriggan druids
  16 swamp dragons
  A flayed ghost (Depths:4)
  49 deep trolls
  6 bog bodies
  9 deep elf archers
  2 orange crystal statues (Depths:1)
  14 orb spiders
  12 lindwurms
  A steelbarb worm (shapeshifter) (Depths:3)
  11 wizards
  6 steelbarb worms
  A phantasmal warrior (Vaults:2)
  24 deep elf pyromancers
  2 harpies
  8 necromancers
  11 wolf spiders
  20 ironbound convokers
  7 shining eyes
  22 deep elf zephyrmancers
  8 orc knights
  A moth of wrath (shapeshifter) (Elf:2)
  3 will-o-the-wisps
  38 ugly things
  13 moths of wrath
  A salamander (shapeshifter) (D:14)
  6 orc sorcerers
  4 cyclopes
  6 manticores
  A large abomination (D:4)
  Maurice (D:13)
  A dire elephant zombie (Lair:5)
  19 vault sentinels
  24 elephants
  An elf zombie (Vaults:2)
  60 slime creatures
  An eye of devastation (Slime:3)
  6 black mambas
  8 torpor snails
  15 cane toads
  A dire elephant skeleton (Lair:5)
  2 orange demons
  A komodo dragon (shapeshifter) (D:14)
  3 gargoyles
  3 unseen horrors
  11 komodo dragons
  3 rime drakes
  A kobold demonologist (D:6)
  3 tengu conjurers
  4 freezing wraiths
  14 yaktaurs
  An ice devil (Depths:3)
  A yaktaur skeleton (Vaults:2)
  3 meliai (D:13)
  7 trolls
  A troll (shapeshifter) (D:15)
  A wolf spider simulacrum (D:15)
  2 bloated husks
  10 tyrant leeches
  2 red devils
  A merfolk (shapeshifter) (Depths:1)
  3 hellwings
  26 hornets
  27 tarantellas
  2 spectral elephants (Lair:5)
  14 blink frogs
  7 dream sheep (Lair:5)
  A raiju (shapeshifter) (Depths:4)
  A flying skull (Vaults:2)
  19 culicivoras
  3 wraiths
  2 centaur simulacra (D:14)
  2 shadows
  3 air elementals (Elf:1)
  2 culicivoras (shapeshifter)
  29 jumping spiders
  13 spriggans
  A ynoxinul (Depths:2)
  3 wyverns
  10 water elementals
  A yak (shapeshifter) (Depths:2)
  23 yaks
  2 vampires
  8 fire elementals
  A redback (shapeshifter) (D:14)
  A death yak simulacrum (Lair:5)
  A golden eye (shapeshifter) (D:14)
  Menkaure (D:5)
  A human simulacrum (Vaults:2)
  A neqoxec (D:6)
  A spectral cane toad (Lair:5)
  70 redbacks
  6 vampire mosquitoes
  4 basilisks
  4 wargs
  An elf skeleton (Vaults:2)
  3 acid dragons
  2 hell hounds (D:12)
  15 swamp worms
  13 water moccasins
  8 swamp drakes
  A floating eye (Depths:1)
  23 orc warriors
  A sky beast (D:6)
  2 black bears (D:6)
  14 ogres
  A deep troll simulacrum (Vaults:2)
  3 boggarts (Vaults:1)
  11 wolves
  19 centaurs
  A kobold brigand (D:10)
  Blork the orc (D:5)
  14 bullfrogs
  2 scorpions
  An earth elemental (Elf:3)
  14 wights
  Dowan (D:4)
  2 elephant simulacra (Lair:5)
  4 killer bees (D:9)
  A howler monkey (D:10)
  2 electric eels (Spider:4)
  3 quasits (D:4)
  A jelly (D:7)
  A gnoll bouda (Orc:2)
  10 orc priests
  6 hounds
  Jessica (D:2)
  4 sleepcaps
  10 iguanas
  9 orc wizards
  13 gnolls
  10 adders
  4 shadow imps
  2 white imps (D:7)
  5 ufetubi
  4 dart slugs
  53 orcs
  7 endoplasms
  5 giant cockroaches
  9 goblins
  9 hobgoblins
  3 jackals
  8 kobolds
  2 quokkas
  4 ball pythons
  6 bats
  3 frilled lizards
  5 rats
1885 creatures vanquished.

Vanquished Creatures (others)
  2 deep elf knights
  A will-o-the-wisp (Swamp:2)
  A bloated husk (Swamp:2)
  A vampire (D:12)
  4 foxfires
  9 spectral weapons
18 creatures vanquished.

Grand Total: 1903 creatures vanquished

Table legend:
 A = Non-vault XP
 B = Vault XP
 C = Vault XP percentage of total XP
 D = Non-vault monster count
 E = Vault monster count
 F = Vault count percentage of total count
                 A         B        C        D         E       F
            +---------+---------+-------+---------+---------+-------
      Total |  618201 |  510911 |  45.2 |    1251 |     578 |  31.6
            +---------+---------+-------+---------+---------+-------
        D:1 |      40 |       0 |   0.0 |      23 |       0 |   0.0
        D:2 |      50 |      37 |  42.5 |      10 |       1 |   9.1
        D:3 |     122 |       0 |   0.0 |      25 |       0 |   0.0
        D:4 |     395 |     260 |  39.7 |      37 |      10 |  21.3
        D:5 |     588 |     356 |  37.7 |      14 |       4 |  22.2
        D:6 |    1519 |    1301 |  46.1 |      21 |       4 |  16.0
        D:7 |    1203 |     828 |  40.8 |      17 |       1 |   5.6
        D:8 |     977 |       0 |   0.0 |      12 |       0 |   0.0
        D:9 |    1113 |       0 |   0.0 |      16 |       0 |   0.0
       D:10 |    3189 |       0 |   0.0 |      19 |       0 |   0.0
       D:11 |    2000 |       0 |   0.0 |       6 |       0 |   0.0
       D:12 |    5400 |   10629 |  66.3 |      15 |      26 |  63.4
       D:13 |   10320 |     485 |   4.5 |      27 |       1 |   3.6
       D:14 |   15871 |   22944 |  59.1 |      27 |      37 |  57.8
       D:15 |   20811 |    2705 |  11.5 |      45 |       3 |   6.2
     Lair:1 |    7847 |    3918 |  33.3 |      24 |      12 |  33.3
     Lair:2 |    2296 |       0 |   0.0 |       7 |       0 |   0.0
     Lair:3 |   11896 |    3712 |  23.8 |      42 |       8 |  16.0
     Lair:4 |   12959 |       0 |   0.0 |      30 |       0 |   0.0
     Lair:5 |   10926 |   16498 |  60.2 |      29 |      29 |  50.0
    Swamp:1 |    8255 |       0 |   0.0 |      16 |       0 |   0.0
    Swamp:2 |    6527 |   15155 |  69.9 |      19 |      21 |  52.5
    Swamp:3 |   16859 |    2821 |  14.3 |      29 |       2 |   6.5
    Swamp:4 |   17966 |   17377 |  49.2 |      27 |      29 |  51.8
   Spider:1 |   18922 |    1689 |   8.2 |      50 |       1 |   2.0
   Spider:2 |   22896 |    6283 |  21.5 |      62 |       6 |   8.8
   Spider:3 |   18937 |    6565 |  25.7 |      37 |       7 |  15.9
   Spider:4 |   15991 |   16783 |  51.2 |      39 |      35 |  47.3
    Slime:1 |    4538 |       0 |   0.0 |       5 |       0 |   0.0
    Slime:2 |    2416 |       0 |   0.0 |       3 |       0 |   0.0
    Slime:3 |    2829 |       0 |   0.0 |      11 |       0 |   0.0
    Slime:4 |    7039 |       0 |   0.0 |      15 |       0 |   0.0
    Slime:5 |   12691 |   20760 |  62.1 |      18 |      16 |  47.1
      Orc:1 |     895 |     130 |  12.7 |      16 |       1 |   5.9
      Orc:2 |    3652 |    9077 |  71.3 |      33 |      26 |  44.1
      Elf:1 |   20284 |    9298 |  31.4 |      38 |      14 |  26.9
      Elf:2 |    6184 |     831 |  11.8 |       9 |       1 |  10.0
      Elf:3 |   21091 |   38800 |  64.8 |      33 |      35 |  51.5
   Vaults:1 |   29528 |   21580 |  42.2 |      43 |      29 |  40.3
   Vaults:2 |   24888 |   30576 |  55.1 |      38 |      39 |  50.6
   Vaults:3 |   23330 |   22105 |  48.7 |      33 |      27 |  45.0
   Vaults:4 |   13267 |   17010 |  56.2 |      18 |      21 |  53.8
   Depths:1 |   28038 |   18941 |  40.3 |      31 |      15 |  32.6
   Depths:2 |   44090 |   38949 |  46.9 |      57 |      34 |  37.4
   Depths:3 |   24089 |    8941 |  27.1 |      26 |       7 |  21.2
   Depths:4 |   36925 |   22160 |  37.5 |      40 |      19 |  32.2
      Zot:2 |   19813 |    1631 |   7.6 |      13 |       1 |   7.1
      Zot:3 |    9841 |   19977 |  67.0 |       6 |      15 |  71.4
      Zot:4 |   15628 |       0 |   0.0 |      16 |       0 |   0.0
      Zot:5 |   31270 |   99799 |  76.1 |      24 |      41 |  63.1
            +---------+---------+-------+---------+---------+-------

Skill      XL: |  1  2  3  4  5  6  7  8  9 10 11 12 13 14 15 16 17 18 19 20 21 22 23 24 25 26 |
---------------+-------------------------------------------------------------------------------+-----
Fighting       | 3 4 5 6 7 8 10 11 14 17 19 20 22 | 22.0
Maces & Flails | 2 3 4 6 8 11 12 14 15 17 | 17.2
Dodging        | 6 9 10 12 13 14 | 14.0
Invocations    | 3 6 7 10 | 10.0
Evocations     | 4 9 10 | 10.0
Translocations | 7 8 10 12 | 12.0
Spellcasting   | 8 12 | 12.0
Shields        | 2 11 15 16 20 21 | 21.0
Armour         | 4 7 |  7.2
Transmutations | 3 5 |  5.0
Shapeshifting  | 11 15 16 18 20 | 20.5
Throwing       | |  1.0

Action                     |  1- 3 |  4- 6 |  7- 9 | 10-12 | 13-15 | 16-18 | 19-21 | 22-24 | 25-27 || total
---------------------------+-------+-------+-------+-------+-------+-------+-------+-------+-------++-------
  Melee: Mace              |    73 |       |       |       |       |       |       |       |       ||    73
         Dagger            |    50 |   215 |    89 |       |       |       |       |       |       ||   354
         Punch             |       |     3 |     2 |       |       |       |       |       |       ||     5
         Flail             |       |       |   120 |       |       |       |       |       |       ||   120
         Whip              |       |       |    36 |       |       |       |       |       |       ||    36
         Dire flail        |       |       |     9 |       |       |       |       |       |       ||     9
         Giant spiked club |       |       |    38 |   235 |   578 |   586 |       |       |       ||  1437
         Morningstar       |       |       |       |       |       |   406 |  1459 |  1468 |   510 ||  3843
         Headbutt          |       |       |       |       |       |       |       |       |    21 ||    21
  Throw: Dart              |     3 |       |       |       |       |       |       |       |       ||     3
   Cast: Manifold Assault  |       |       |       |       |    38 |   271 |   427 |   595 |   182 ||  1513
         Passage of Golubr |       |       |       |       |       |     1 |       |     2 |       ||     3
         Blink             |       |       |       |       |       |     1 |     1 |       |       ||     2
         Wereblood         |       |       |       |       |       |       |     4 |     9 |     2 ||    15
 Invoke: Heroism           |       |       |     2 |     1 |    18 |    23 |    19 |    17 |     9 ||    89
         Receive Weapon    |       |       |       |       |     1 |       |       |       |       ||     1
         Receive Armour    |       |       |       |       |     1 |       |       |       |       ||     1
         Finesse           |       |       |       |       |     4 |     7 |    11 |     9 |     9 ||    40
  Evoke: Wand              |       |     2 |     5 |     2 |     1 |     3 |     6 |     1 |     2 ||    22
         Lightning rod     |       |       |       |       |       |     5 |     4 |     3 |       ||    12
    Use: Scroll            |       |     2 |     8 |     7 |     6 |    15 |     8 |    10 |     5 ||    61
         Potion            |       |       |     4 |       |       |     6 |     4 |     5 |    15 ||    34
   Stab: Sleeping          |       |     1 |       |       |     1 |     2 |     1 |       |       ||     5
         Distracted        |       |       |       |     2 |     8 |     7 |     1 |       |       ||    18
         Held in net/web   |       |       |       |       |       |       |     1 |       |       ||     1
 Armour: Robe              |    92 |   173 |   230 |    39 |       |       |       |       |       ||   534
         Acid dragon scale |       |       |       |   116 |    88 |   153 |   172 |       |       ||   529
         Troll leather arm |       |       |       |       |   214 |   317 |   282 |    94 |       ||   907
         Skin              |       |       |       |       |       |       |       |   343 |   136 ||   479
  Dodge: Dodged            |    67 |   124 |   129 |   123 |   207 |   341 |   287 |   272 |    96 ||  1646
  Block: Other             |       |       |       |       |    19 |    34 |       |       |       ||    53
         Reflection        |       |       |       |       |     6 |    11 |    58 |    27 |     9 ||   111
         Kite shield       |       |       |       |       |       |   382 |   307 |       |       ||   689
         Tower shield      |       |       |       |       |       |       |   608 |   878 |   317 ||  1803
   Form: Statue            |       |       |       |       |       |       |       |     1 |       ||     1

Illustrated notes

Table legend:
 A = Kills in this place as a percentage of kills in the entire game.
 B = Kills by you in this place as a percentage of kills by you in the entire game.
 C = Kills by friends in this place as a percentage of kills by friends in the entire game.
 D = Other kills in this place as a percentage of other kills in the entire game.
 E = Experience gained in this place as a percentage of experience gained in the entire game.
 F = Experience gained in this place divided by the number of levels of this place that you have seen.
                   A       B       C       D       E      F
               +-------+-------+-------+-------+-------+----------------------
         Total | 100.0 | 100.0 |   N/A | 100.0 | 100.0 | 23189.5
       Dungeon |  22.5 |  22.5 |   N/A |  50.0 |  10.9 | 8628.8
          Lair |   9.7 |   9.7 |   N/A |   0.0 |   5.9 | 14010.4
         Swamp |   7.7 |   7.6 |   N/A |  50.0 |   7.2 | 21240.0
   Spider Nest |  12.7 |  12.7 |   N/A |   0.0 |   9.1 | 27016.5
    Slime Pits |   3.6 |   3.6 |   N/A |   0.0 |   4.3 | 10054.6
  Orcish Mines |   4.1 |   4.1 |   N/A |   0.0 |   1.2 | 6877.0
   Elven Halls |   7.0 |   7.0 |   N/A |   0.0 |   8.2 | 32162.7
        Vaults |  13.3 |  13.3 |   N/A |   0.0 |  15.4 | 45571.0
        Depths |  12.9 |  12.9 |   N/A |   0.0 |  20.5 | 60539.2
           Zot |   6.6 |   6.6 |   N/A |   0.0 |  17.4 | 41039.2
               +-------+-------+-------+-------+-------+----------------------

Table legend: (Time is in decaauts)
 A = Elapsed time spent in this place.
 B = Non-inter-level travel time spent in this place.
 C = Inter-level travel time spent in this place.
 D = Time resting spent in this place.
 E = Time spent auto-exploring this place.
 F = Levels seen in this place.
 G = Mean time per level.
                   A        B        C        D        E       F      G
               +--------+--------+--------+--------+--------+-----+--------+
         Total |  74474 |  68866 |   5608 |  14778 |  41607 |  51 | 1460.3 |
       Dungeon |  22970 |  20358 |   2612 |   3866 |  12781 |  15 | 1531.3 |
          Lair |   7697 |   7140 |    557 |   1439 |   4466 |   5 | 1539.4 |
         Swamp |   4552 |   4431 |    121 |    753 |   3067 |   4 | 1138.0 |
   Spider Nest |   9348 |   8888 |    460 |   3110 |   4295 |   4 | 2337.0 |
    Slime Pits |   1604 |   1498 |    106 |    592 |    384 |   5 |  320.8 |
  Orcish Mines |   1645 |   1423 |    222 |    203 |    900 |   2 |  822.5 |
   Elven Halls |   5040 |   4552 |    488 |    755 |   2902 |   3 | 1680.0 |
        Vaults |   9063 |   8641 |    422 |   1000 |   6534 |   4 | 2265.8 |
        Depths |   9206 |   8719 |    487 |   1919 |   5235 |   4 | 2301.5 |
           Zot |   3346 |   3216 |    130 |   1138 |   1042 |   5 |  669.2 |
               +--------+--------+--------+--------+--------+-----+--------+

Top non-repeatable levels by time:
Depths:1: 3336 daAuts
Vaults:1: 2707 daAuts
Depths:2: 2598 daAuts
     D:5: 2587 daAuts
    D:14: 2573 daAuts
Spider:3: 2547 daAuts
Vaults:3: 2489 daAuts
Spider:4: 2418 daAuts
Spider:2: 2380 daAuts
   Zot:5: 2205 daAuts
Vaults:2: 2097 daAuts
     D:4: 2088 daAuts
  Lair:3: 2023 daAuts
Spider:1: 2000 daAuts
    D:15: 1998 daAuts
